 Dungeon Crawl Stone Soup version 0.31-a0-210-gccc998df9b (webtiles) character file.

Game seed: 5375215779804609036

214 qw the Shooter (level 5, 0/32 HPs)
             Began as a Gargoyle Hexslinger on June 29, 2023.
             Slain by Duvessa
             ... wielding a +0 short sword
              (7 damage)
             ... on level 4 of the Dungeon.
             The game lasted 00:00:51 (2054 turns).

qw the Shooter (Gargoyle Hexslinger)                Turns: 2054, Time: 00:00:51

Health: 0/32       AC:  8    Str: 11    XL:     5   Next: 92%
Magic:  6/6        EV: 11    Int: 14    God:
Gold:   109        SH:  0    Dex: 18    Spells: 5/6 levels left

rFire   + . .        Y - +1 sling (heavy)
rCold   . . .        (no shield)
rNeg    + . .        c - +1 leather armour of the Jolly Friars {Contam Rampage Will+ Dex+4}
rPois   inf          (no helmet)
rElec   +            (no cloak)
rCorr   .            (no gloves)
SInv    .            (no boots)
Will    +....        (no amulet)
Stlth   +            j - ring of protection from fire
HPRegen 0.25/turn    (no ring)
MPRegen 0.10/turn

%: rampage
@: no status effects
A: sickness immunity, AC +4, negative energy resistance 1, electricity
resistance, torment resistance 1, petrification resistance
a: no special abilities


You were on level 4 of the Dungeon.
You visited 1 branch of the dungeon, and saw 4 of its levels.

You collected 109 gold pieces.


Innate Abilities, Weirdness & Mutations

You are immune to sickness and miasma.
Your stone body is resilient. (AC +4)
You are immune to poison.
You resist negative energy. (rN+)
You are resistant to electric shocks. (rElec)
You are resistant to unholy torment.
You are immune to petrification.


   Skills:
 - Level 3.2 Fighting
 + Level 5.0 Ranged Weapons
 - Level 0.8 Armour
 - Level 1.5 Dodging
 - Level 1.0 Spellcasting
 - Level 2.6 Hexes


You had 5 spell levels left.
You knew the following spells:

 Your Spells              Type           Power      Damage    Failure   Level
a - Slow                  Hex            32%        N/A       12%         1

Your spell library contained the following spells:

 Spells                   Type           Power      Damage    Failure   Level
 Inner Flame              Hex/Fire       4%         N/A       52%         3
 Portal Projectile        Hex/Tloc       8%         N/A       52%         3
 Cause Fear               Hex            4%         N/A       75%         4

Inventory:

Hand Weapons
 Y - a +1 heavy sling (weapon)
Armour
 c - the +1 leather armour of the Jolly Friars (worn) {Contam Rampage Will+ Dex+4}
   (You found it on level 3 of the Dungeon)

   Dex:       It affects your dexterity (+4).
   Contam:    It causes magical contamination when unequipped.
   Rampage:   It bestows one free step when moving towards enemies.
   Will:      It increases your willpower.
Jewellery
 e - a ring of see invisible
 j - a ring of protection from fire (left hand)
Scrolls
 a - a scroll of teleportation
 d - 3 scrolls of identify
 h - a scroll of fear {unknown}
Potions
 b - a potion of haste {unknown}
 f - a potion of enlightenment
 g - 2 potions of heal wounds {unknown}
 k - a potion of degeneration {unknown}

Dungeon Overview and Level Annotations

Branches:
Dungeon (4/15)
 Temple: D:4-7

Altars:

Shops:
D:1 ?

Annotations:
D:3 1 runed translucent door, Crazy Yiuf
D:4 Dowan, Duvessa


Message History

Enter note:
Enter note:
Enter note:
Enter note: You shoot a sling bullet.
Duvessa shouts!
The sling bullet hits Duvessa but does no damage.
You shoot a sling bullet.
The sling bullet hits Duvessa but does no damage.
You shoot a sling bullet.
The sling bullet hits Duvessa but does no damage.
You shoot a sling bullet. The sling bullet hits Duvessa.
Duvessa is lightly wounded.
You shoot a sling bullet.
The sling bullet closely misses Duvessa.
The sling bullet closely misses Dowan.
Duvessa says, "When magic and the sword combine, nothing stands against them."
Duvessa closely misses you. Dowan hits you but does no damage.
You shoot a sling bullet. The sling bullet hits Duvessa.
Duvessa is lightly wounded.
Duvessa hits you but does no damage.
Dowan points at Duvessa and mumbles some strange words.
Duvessa seems to speed up.
Duvessa hits you with a +0 short sword. Dowan hits you but does no damage.
You shoot a sling bullet. The sling bullet barely misses Duvessa.
Duvessa hits you with a +0 short sword!
Dowan zaps a wand.
The puff of flame hits you. You resist. Duvessa hits you but does no damage.
You shoot a sling bullet.
The sling bullet hits Duvessa but does no damage.
Duvessa is lightly wounded.
Duvessa hits you with a +0 short sword. Dowan closely misses you.
Duvessa gestures with her weapon.
Duvessa hits you but does no damage.
Dowan hits you with a +0 dagger of protection.
Duvessa hits you with a +0 short sword.
You shoot a sling bullet. The sling bullet hits Duvessa!
Duvessa is heavily wounded.
Duvessa hits you with a +0 short sword. Dowan barely misses you.
Duvessa hits you with a +0 short sword!
You die...

....................
#.#.######
..##.##.######.....#
#......... . # #.#
#.....# ##########
#.# ###.###.# #.# #.#
.# ##### #.# #.# #.#
..... #.# #.# #.#
##### #e###.#### ##
#.##@e##....# #.
#...........##.# #.
#####.#.....##.# #.
#....>#...##.### #.
#.#[#.....##.#.###.
#.#.##.#..##....##. .
.....#..##.......
.....##.....>......#
###.####.#...........


You could see Duvessa (fast) and Dowan.

Vanquished Creatures
  2 scorpions (D:4)
  3 adders
  2 dart slugs
  3 worms
  2 orcs
  5 bats
  6 endoplasms
  A giant cockroach (D:3)
  5 goblins
  8 hobgoblins
  5 jackals
  A quokka (D:3)
  7 ball pythons
  A frilled lizard (D:2)
  3 kobolds
  5 rats
59 creatures vanquished.

Notes
Turn   | Place    | Note
-------+----------+-------------------------------------------
     0 | D:1      | qw the Gargoyle Hexslinger began the quest for the Orb.
     0 | D:1      | Reached XP level 1. HP: 12/12 MP: 2/2
     0 | D:1      | 0 ||| qw: Version: 0.3-a-24-g62f9e04
     0 | D:1      | 0 ||| qw: Game counter: 6720
     0 | D:1      | 0 ||| qw: Melee chars always use a shield: true
     0 | D:1      | 0 ||| qw: God list: Okawaru
     0 | D:1      | 0 ||| qw: Allow faded altars: false
     0 | D:1      | 0 ||| qw: Do Orc after clearing Dungeon:15 true
     0 | D:1      | 0 ||| qw: Do second Lair branch before Depths: true
     0 | D:1      | 0 ||| qw: Lair rune preference: random
     0 | D:1      | 0 ||| qw: Goals: Normal
     0 | D:1      | 0 ||| PLANNING D:1-11
    39 | D:1      | Found Becuntof's Magic Scroll Emporium.
    45 | D:1      | Reached XP level 2. HP: 16/16 MP: 3/3
    48 | D:1      | 48 ||| SHOPLISTING scroll of identify (26 gold, have 0).
    48 | D:1      | 48 ||| SHOPLISTING scroll of teleportation (39 gold, have
                  | 0).
   151 | D:1      | Reached skill level 3 in Ranged Weapons
   416 | D:1      | 416 ||| UPGRADING to +0 leather armour.
   426 | D:1      | 426 ||| DROPPING +0 robe.
   427 | D:1      | 427 ||| READING 2 scrolls labelled MUR LURYEL.
   432 | D:1      | 432 ||| READING scroll labelled LUIMIZ UMITE.
   433 | D:1      | 433 ||| READING 3 scrolls labelled DEJEREFOLA.
   434 | D:1      | 434 ||| DROPPING scroll of poison.
   435 | D:1      | 435 ||| DROPPING 2 scrolls of revelation.
   656 | D:2      | Reached XP level 3. HP: 21/21 MP: 4/4
   763 | D:2      | Found a faded altar of an unknown god.
  1187 | D:2      | 1187 ||| UPGRADING to +0 ring mail.
  1197 | D:2      | 1197 ||| DROPPING +0 leather armour.
  1198 | D:2      | 1198 ||| UPGRADING to ring of protection from fire.
  1199 | D:2      | 1199 ||| READING scroll labelled KYIBBIUHEP.
  1200 | D:2      | 1200 ||| DRINKING 2 purple potions.
  1201 | D:2      | 1201 ||| DRINKING 2 amethyst potions.
  1202 | D:2      | 1202 ||| DROPPING potion of attraction.
  1231 | D:3      | 1231 ||| STAIRDANCE
  1272 | D:3      | Found a runed translucent door.
  1273 | D:3      | Noticed Crazy Yiuf
  1537 | D:3      | Reached XP level 4. HP: 26/26 MP: 5/5
  1580 | D:3      | Reached skill level 4 in Ranged Weapons
  1590 | D:3      | Identified the +1 leather armour of the Jolly Friars
                  | {Contam Rampage Will+ Dex+4}
  1655 | D:3      | 1655 ||| UPGRADING to +1 leather armour of the Jolly Friars
                  | {Contam Rampage Will+ Dex+4}.
  1665 | D:3      | 1665 ||| DROPPING +0 ring mail.
  1915 | D:4      | Noticed a scorpion
  1920 | D:4      | Killed a scorpion
  1921 | D:4      | Reached skill level 5 in Ranged Weapons
  1921 | D:4      | Reached XP level 5. HP: 27/30 MP: 6/6
  2014 | D:4      | Reached skill level 3 in Fighting
  2044 | D:4      | Noticed Dowan
  2045 | D:4      | Noticed Duvessa
  2054 | D:4      | HP: 7/32 [Duvessa/+0 short sword (2)]
  2054 | D:4      | Slain by Duvessa

Levels and vault maps discovered:
D:1:      matt_arrival_los_fun, layout_rooms, serial_shops, shop
D:2:      layout_basic, dreamdust_ecumenical_altar_grove, st_stairs_8
D:3:      layout_basic, uniq_crazy_yiuf_cottage
D:4:      layout_loops_ring, uniq_duvessa, uniq_ijyb

Skill      XL: |  1  2  3  4  5 |
---------------+----------------+-----
Ranged Weapons | 3 5 |  5.0
Fighting       | 2 3 |  3.2
Armour         | |  0.8
Dodging        | |  1.5
Spellcasting   | |  1.0
Hexes          | |  2.6

Action                     |  1- 3 |  4- 6 || total
---------------------------+-------+-------++-------
   Fire: Sling             |   126 |    55 ||   181
    Use: Scroll            |     4 |       ||     4
         Potion            |     2 |       ||     2
 Armour: Robe              |    17 |       ||    17
         Leather armour    |     8 |    14 ||    22
         Ring mail         |    17 |     1 ||    18
  Dodge: Dodged            |    67 |    15 ||    82

Table legend:
 A = Non-vault XP
 B = Vault XP
 C = Vault XP percentage of total XP
 D = Non-vault monster count
 E = Vault monster count
 F = Vault count percentage of total count
                 A         B        C        D         E       F
            +---------+---------+-------+---------+---------+-------
      Total |     305 |       2 |   0.7 |      58 |       1 |   1.7
            +---------+---------+-------+---------+---------+-------
        D:1 |      25 |       0 |   0.0 |      14 |       0 |   0.0
        D:2 |      29 |       2 |   6.5 |      17 |       1 |   5.6
        D:3 |      61 |       0 |   0.0 |      17 |       0 |   0.0
        D:4 |     190 |       0 |   0.0 |      10 |       0 |   0.0
            +---------+---------+-------+---------+---------+-------
